 Dungeon Crawl Stone Soup version 0.17.0-24-gcfadda4 (webtiles) character file.

7506 Gruud the Grappler (level 10, 56/82 HPs)
             Began as a Demonspawn Gladiator on Nov 16, 2015.
             Was a Priest of Makhleb.
             Quit the game on level 1 of the Abyss.
             The game lasted 00:32:34 (7536 turns).

Gruud the Grappler (Demonspawn Gladiator)           Turns: 7536, Time: 00:32:34

Health: 56/82      AC: 13    Str: 17    XL:     10   Next: 95%
Magic:  13/13      EV: 16    Int:  8    God:    Makhleb [***...]
Gold:   216        SH:  0    Dex: 13    Spells: 0 memorised, 9 levels left

rFire  . . .     SeeInvis .       - Unarmed
rCold  . . .     Clarity  .     k - +3 leather armour of Quty {+Blink +Inv rElec Int-4}
rNeg   + . .     SustAt   .     (no shield)
rPois  .         Gourm    .     (helmet restricted)
rElec  +         Spirit   .     z - +0 cloak
rCorr  .         Warding  +     (gloves unavailable)
rMut   .         Stasis   .     (no boots)
MR     .....                    D - amulet of warding
Stlth  +.........               t - +3 ring of protection
                                I - +3 ring of protection

@: about to teleport, not resistant to hostile enchantments, very unstealthy
A: antennae 1, claws 3, talons 2, powered by death 1, spiny 1
a: Minor Destruction, Lesser Servant of Makhleb, Renounce Religion, Evoke Blink,
Evoke Invisibility


You were on level 1 of the Abyss.
You worshipped Makhleb.
Makhleb was most pleased with you.
You were not hungry.

You visited 2 branches of the dungeon, and saw 11 of its levels.
You visited the Abyss 1 time.

You collected 576 gold pieces.
You spent 360 gold pieces at shops.

Inventory:

Hand Weapons
 b - a +0 blowgun
Missiles
 c - 4 throwing nets (quivered)
 G - 4 curare-tipped needles
Armour
 k - the +3 leather armour of Quty (worn) {+Blink +Inv rElec Int-4}
   (You bought it in a shop on level 6 of the Dungeon)

   It affects your intelligence (-4).
   It insulates you from electricity.
   It lets you turn invisible.
   It lets you blink.
 v - a +0 robe of cold resistance
 z - a +0 cloak (worn)
 F - a troll hide
Jewellery
 i - an uncursed ring of protection from magic
 l - an uncursed ring of sustain attributes
 t - a +3 ring of protection (right claw)
 w - an uncursed ring of protection from fire
 D - an amulet of warding (around neck)
 I - a +3 ring of protection (left claw)
Wands
 n - a wand of fire (5)
 q - a wand of polymorph (3)
 s - a wand of draining (11)
 x - a wand of confusion (21)
 A - a wand of frost (5)
 H - a wand of slowing (23)
Scrolls
 e - 3 scrolls of remove curse
 f - 2 scrolls of amnesia
 j - a scroll of magic mapping
 y - a scroll of teleportation
Potions
 a - 3 potions of might
 h - 3 potions of heal wounds
 m - 2 potions of berserk rage
 o - a potion of invisibility
 p - 6 potions of curing
 r - a potion of magic
Miscellaneous
 C - a phantom mirror
Comestibles
 d - 10 bread rations
 g - 6 beef jerkies
 u - 6 meat rations
 B - 2 royal jellies
 E - a chunk of flesh


   Skills:
 + Level 8.5 Fighting
 - Level 1.7 Throwing
 + Level 8.0 Dodging
 * Level 11.2 Unarmed Combat
 - Level 4.0 Invocations


You had 9 spell levels left.
You didn't know any spells.

Dungeon Overview and Level Annotations

Branches:
Dungeon (10/15)            Temple (1/1) D:7
   Lair: D:8-11         Orc: D:9-12

Altars:
Ashenzari
Dithmenos
Elyvilon
Fedhas
Gozag
Kikubaaqudgha
Makhleb
Nemelex Xobeh
Okawaru
Qazlal
Ru
Sif Muna
Trog
Vehumet
Xom
Yredelemnul
Zin
The Shining One
Beogh

Shops:
D:6 *

Annotations:
D:10 Sonja


Innate Abilities, Weirdness & Mutations

You have a pair of small antennae on your head.
You have claws for hands.
You have razor-sharp toenails.
You regenerate a little health from kills.
You are partially covered in sharp spines.


Message History

This wand has 11 charges left.
Sonja bows elegantly.
Your hellwing misses Sonja.
Your hellwing barely misses Sonja.
Your leather armour of Quty prevents you from hitting Sonja.
Your kick misses Sonja.
Sonja is moderately wounded.
Sonja closely misses you. Sonja hits you but does no damage.
You feel strangely unstable. Sonja hits you but does no damage.
Space warps horribly around you!
Unknown command.
You completely miss Sonja. Your kick misses Sonja.
Sonja is moderately wounded.
Sonja is struck by your spines. Sonja completely misses you.
Sonja hits you but does no damage.
You are cast into the Abyss!
To return, you must find a gate leading back.
Welcome to the Abyss!
This branch contains the abyssal rune of Zot.
Found 17 gold pieces, a chain mail and a quarterstaff.
Are you sure you want to abandon this character and quit the game? (Confirm with "yes".)

..............
.............
........)..#
#.........# .
#.........#..
#..........#
#...[.∩...##
#....@....$#
#..........#
............##
.##.........#
######.##.# .#
.# .. . .. #


There were no monsters in sight!

Vanquished Creatures
  An unseen horror (D:10)
  A hill giant (D:10)
  A two-headed ogre (D:8)
  A troll (D:10)
  Prince Ribbit (D:5)
  A wraith (D:7)
  8 yaks (D:10)
  3 hippogriffs
  A water moccasin (D:9)
  2 ice beasts
  2 eyes of draining (D:9)
  2 orc warriors
  A sky beast (D:8)
  2 necrophages
  4 ogres
  A centaur (D:9)
  2 big kobolds (D:9)
  3 elf zombies (D:7)
  A crocodile (D:8)
  A wyvern skeleton (D:6)
  4 giant frogs
  A scorpion (D:8)
  A water moccasin skeleton (D:9)
  4 wights (D:7)
  A troll zombie (D:7)
  8 killer bees
  2 crimson imps
  3 human zombies (D:7)
  2 jellies
  A giant frog skeleton (D:6)
  A quasit (D:9)
  A centaur skeleton (D:3)
  4 hounds
  5 iguanas
  3 orc priests
  Terence (D:2)
  A human skeleton (D:7)
  13 orc wizards
  6 worker ants
  A killer bee zombie (D:5)
  2 human simulacra (D:9)
  A hound skeleton (D:9)
  A mummy (D:7)
  A worker ant zombie (D:9)
  10 adders
  2 shadow imps
  3 adder zombies
  4 worms
  8 giant geckos
  39 orcs
  3 giant cockroaches
  8 goblins
  11 hobgoblins
  3 jackals (D:3)
  2 quokkas
  2 ball pythons
  13 bats
  4 giant newts
  A jackal zombie (D:5)
  20 kobolds
  An orc zombie (D:7)
  A quokka skeleton (D:5)
  A quokka zombie (D:5)
  6 rats
249 creatures vanquished.

Notes
Turn   | Place    | Note
--------------------------------------------------------------
     0 | D:1      | Gruud the Demonspawn Gladiator began the quest for the Orb.
     0 | D:1      | Reached XP level 1. HP: 16/16 MP: 1/1
    49 | D:1      | Reached skill level 3 in Unarmed Combat
    84 | D:1      | Gained mutation: You have sharp fingernails. [demonic ancestry]
    84 | D:1      | Reached XP level 2. HP: 20/22 MP: 2/2
   341 | D:1      | Gained mutation: You have very sharp fingernails. [demonic ancestry]
   341 | D:1      | Reached XP level 3. HP: 22/27 MP: 3/3
   846 | D:2      | Found a stormy altar of Qazlal.
   847 | D:2      | Noticed Terence
   871 | D:2      | Killed Terence
   871 | D:2      | Reached skill level 4 in Unarmed Combat
   871 | D:2      | Gained mutation: You have a pair of small antennae on your head. [demonic ancestry]
   871 | D:2      | Reached XP level 4. HP: 23/33 MP: 4/4
  1309 | D:3      | Found a deep blue altar of Sif Muna.
  1436 | D:3      | Gained mutation: You have sharp toenails. [demonic ancestry]
  1436 | D:3      | Reached XP level 5. HP: 18/38 MP: 5/5
  2197 | D:4      | Found a sparkling altar of Nemelex Xobeh.
  2228 | D:4      | Found a roughly hewn altar of Beogh.
  2249 | D:4      | Reached skill level 5 in Unarmed Combat
  2249 | D:4      | Gained mutation: You regenerate a little health from kills. [demonic ancestry]
  2249 | D:4      | Reached XP level 6. HP: 16/47 MP: 6/6
  2801 | D:5      | Entered Level 5 of the Dungeon
  2946 | D:5      | Noticed Prince Ribbit
  2974 | D:5      | HP: 2/47 [Prince Ribbit (12)]
  3015 | D:5      | Killed Prince Ribbit
  3015 | D:5      | Reached skill level 6 in Unarmed Combat
  3015 | D:5      | Gained mutation: You are partially covered in sharp spines. [demonic ancestry]
  3015 | D:5      | Reached XP level 7. HP: 23/53 MP: 7/7
  3299 | D:5      | Found an iron altar of Okawaru.
  3401 | D:5      | You fall through a shaft for 3 floors!
  3444 | D:7      | Found a staircase to the Ecumenical Temple.
  3455 | Temple   | Entered the Ecumenical Temple
  3591 | D:7      | Found an ancient bone altar of Kikubaaqudgha.
  3599 | D:7      | Reached skill level 5 in Dodging
  3622 | D:7      | Gained mutation: You have claws for hands. [demonic ancestry]
  3622 | D:7      | Reached XP level 8. HP: 58/61 MP: 8/8
  3641 | D:7      | Reached skill level 7 in Unarmed Combat
  3646 | D:7      | Noticed a wraith
  3651 | D:7      | Killed a wraith
  3651 | D:7      | Reached skill level 5 in Fighting
  3844 | D:6      | Found a sacrificial altar of Ru.
  3853 | D:6      | Reached skill level 8 in Unarmed Combat
  4284 | D:5      | Gained mutation: You have razor-sharp toenails. [demonic ancestry]
  4284 | D:5      | Reached XP level 9. HP: 67/69 MP: 9/9
  4631 | D:6      | Found Qoer's Assorted Antiques.
  4639 | D:6      | Bought a steaming leather armour for 210 gold pieces
  4649 | D:6      | Identified the +3 leather armour of Quty {+Blink +Inv rElec Int-4} (You bought it in a shop on level 6 of the Dungeon)
  4957 | D:6      | Bought a brass ring for 150 gold pieces
  5040 | D:7      | Found a burning altar of Makhleb.
  5040 | D:7      | Found a shimmering altar of Xom.
  5052 | D:7      | Became a worshipper of Makhleb the Destroyer
  5524 | D:8      | Reached * piety under Makhleb
  5656 | D:8      | Reached skill level 9 in Unarmed Combat
  5882 | D:8      | Noticed a two-headed ogre
  5890 | D:8      | Killed a two-headed ogre
  6181 | D:9      | Reached ** piety under Makhleb
  6202 | D:9      | Reached XP level 10. HP: 79/79 MP: 10/10
  6218 | D:9      | Reached skill level 10 in Unarmed Combat
  6233 | D:9      | Found an opulent altar of Gozag.
  6299 | D:9      | Reached skill level 1 in Invocations
  6729 | D:9      | Reached *** piety under Makhleb
  6807 | D:10     | Entered Level 10 of the Dungeon
  6925 | D:10     | Found an iron altar of Okawaru.
  7080 | D:10     | Noticed a hill giant
  7091 | D:10     | Killed a hill giant
  7297 | D:10     | Noticed Sonja
  7456 | D:10     | Killed an unseen horror
  7456 | D:10     | Reached skill level 11 in Unarmed Combat
  7535 | D:10     | Cast into the Abyss (Sonja)
  7536 | Abyss:1  | Quit the game

Action                   |  1- 3 |  4- 6 |  7- 9 | 10-12 || total
-------------------------+-------+-------+-------+-------++-------
Melee: Unarmed           |   128 |   213 |   275 |   161 ||   777
Invok: Lesser Servant of |       |       |       |     5 ||     5
       Minor Destruction |       |       |       |     2 ||     2
Evoke: Wand              |       |       |       |     7 ||     7
  Use: Scroll            |     2 |     6 |    10 |     1 ||    19
       Potion            |       |     4 |       |     1 ||     5
 Stab: Sleeping          |       |       |     1 |       ||     1
  Eat: Chunk             |       |     7 |     9 |     5 ||    21
       Beef jerky        |       |       |     1 |       ||     1
